 Dungeon Crawl Stone Soup version 0.28-a0-224-g76b539d98b (webtiles) character file.

Game seed: 3226900021278136788

373 timneilson the Covered (level 6, -1/38 HPs)
             Began as a Gargoyle Fighter on Aug 21, 2021.
             Slain by Pikel (3 damage)
             ... on level 4 of the Dungeon.
             The game lasted 00:06:05 (4547 turns).

timneilson the Covered (Gargoyle Fighter)           Turns: 4547, Time: 00:06:07

Health: -1/38      AC: 15    Str: 21    XL:     6   Next: 72%
Magic:  6/6        EV:  5    Int:  9    God:
Gold:   111        SH:  8    Dex:  9    Spells: 5/5 levels left

rFire   . . .      SeeInvis .   a - +0 long sword
rCold   . . .      Faith    .   c - +0 kite shield
rNeg    + . .      Spirit   .   h - +0 chain mail
rPois   ∞          Reflect  .   m - +0 helmet
rElec   +          Harm     .   (no cloak)
rCorr   .          Rampage  .   (no gloves)
Will    .....                   (no boots)
Stlth   ..........              (no amulet)
HPRegen 0.12/turn               (no ring)
MPRegen 0.10/turn               (no ring)

@: mighty
A: sickness immunity, AC +4, negative energy resistance 1, electricity
resistance, torment resistance 1, petrification resistance
a: no special abilities


You were on level 4 of the Dungeon.
You visited 1 branch of the dungeon, and saw 4 of its levels.

You collected 111 gold pieces.

Inventory:

Hand Weapons
 a - a +0 long sword (weapon)
Armour
 c - a +0 kite shield (worn)
 h - a +0 chain mail (worn)
 m - a +0 helmet (worn)
Wands
 j - a wand of flame (32)
Scrolls
 g - a scroll of enchant weapon {unknown}
Potions
 b - a potion of lignification {unknown}
 e - a potion of curing {unknown}
 f - 2 potions of magic
 i - 2 potions of heal wounds {unknown}
 k - a potion of invisibility
 n - a potion of haste {unknown}


   Skills:
 + Level 4.2 Fighting
 * Level 3.4 Long Blades
 * Level 5.0 Armour
 * Level 5.0 Shields
 + Level 1.1 Evocations


You had 5 spell levels left.
You didn't know any spells.
Your spell library was empty.

Dungeon Overview and Level Annotations

Branches:
Dungeon (4/15)
 Temple: D:4-7

Altars:
Gozag
Hepliaklqana
Kikubaaqudgha
Qazlal
Sif Muna
Zin

Annotations:
D:3 Ijyb
D:4 Pikel


Innate Abilities, Weirdness & Mutations

You are immune to sickness and miasma.
Your stone body is resilient. (AC +4)
You are immune to poison.
You resist negative energy. (rN+)
You are resistant to electric shocks. (rElec)
You are resistant to unholy torment.
You are immune to petrification.


Message History

Pikel barely misses you.
You barely miss Pikel.
Pikel is heavily wounded.
You block Pikel's attack.
You hit Pikel but do no damage.
Pikel is heavily wounded.
Pikel hits you with a +0 whip of freezing.
Pikel freezes you. Pikel hits you but does no damage.
You closely miss Pikel.
Pikel is heavily wounded.
Pikel hits you but does no damage.
You closely miss Pikel.
Pikel is heavily wounded.
Pikel hits you with a +0 whip of freezing.
* * * LOW HITPOINT WARNING * * *
Pikel freezes you.
* * * LOW HITPOINT WARNING * * *
Pikel hits you but does no damage.
You feel very mighty all of a sudden.
Pikel hits you with a +0 whip of freezing.
* * * LOW HITPOINT WARNING * * *
Pikel freezes you.
* * * LOW HITPOINT WARNING * * *
You closely miss Pikel.
Pikel is heavily wounded.
Pikel hits you with a +0 whip of freezing.
* * * LOW HITPOINT WARNING * * *
Pikel freezes you.
* * * LOW HITPOINT WARNING * * *
You closely miss Pikel.
Pikel is heavily wounded.
Pikel hits you but does no damage.
You slash Pikel!
Pikel is severely wounded.
Pikel hits you with a +0 whip of freezing.
* * * LOW HITPOINT WARNING * * *
Pikel freezes you.
* * * LOW HITPOINT WARNING * * *
Pikel hits you with a +0 whip of freezing.
You die...

#<#######.......#
#.# #####..####.#
#.# #.......###.#
#.# #.##........#
#.###.##..#.....#
#.....(...#.....
#####.###..)....
#)###5..#
#.@K55..##.#
#####5.....#
#...#### #...#
#5K.# #...# #..5#
..... ...!..


You could see Pikel and 4 lemures.

Vanquished Creatures
  Blork the orc (D:4)
  A centaur skeleton (D:2)
  A hound (D:3)
  An iguana (D:3)
  Terence (D:2)
  Robin (D:2)
  3 gnolls (D:2)
  7 adders
  3 worms
  10 endoplasms
  3 giant cockroaches
  20 goblins
  7 hobgoblins
  5 jackals (D:1)
  7 kobolds
  5 ball pythons
  5 bats
  3 frilled lizards
  4 rats
88 creatures vanquished.

Vanquished Creatures (others)
  6 plants (D:2)
6 creatures vanquished.

Grand Total: 94 creatures vanquished

Notes
Turn   | Place    | Note
-------+----------+-------------------------------------------
     0 | D:1      | timneilson the Gargoyle Fighter began the quest for the
                  | Orb.
     0 | D:1      | Reached XP level 1. HP: 14/14 MP: 1/1
     1 | D:1      | Noticed an electric eel
    65 | D:1      | Reached XP level 2. HP: 5/19 MP: 2/2
   678 | D:1      | Reached XP level 3. HP: 23/23 MP: 3/3
  1391 | D:2      | Reached XP level 4. HP: 20/28 MP: 4/4
  1883 | D:2      | Reached XP level 5. HP: 22/33 MP: 5/5
  2398 | D:2      | Noticed Terence
  2409 | D:2      | Killed Terence
  2899 | D:3      | Found a shimmering blue altar of Sif Muna.
  2900 | D:3      | Found an ancient bone altar of Kikubaaqudgha.
  3139 | D:3      | Found a glowing silver altar of Zin.
  3139 | D:3      | Found a hazy altar of Hepliaklqana.
  3140 | D:3      | Found a stormy altar of Qazlal.
  3473 | D:3      | Noticed Robin
  3500 | D:2      | Killed Robin
  3521 | D:3      | Reached XP level 6. HP: 38/38 MP: 6/6
  3543 | D:3      | Found an opulent altar of Gozag.
  3746 | D:3      | Reached skill level 1 in Evocations
  3778 | D:3      | Found a faded altar of an unknown god.
  3778 | D:3      | Noticed Ijyb
  4329 | D:4      | Noticed Blork the orc
  4344 | D:4      | Killed Blork the orc
  4345 | D:4      | Reached skill level 5 in Armour
  4345 | D:4      | Reached skill level 5 in Shields
  4517 | D:4      | Noticed Pikel
  4547 | D:4      | Slain by Pikel

Illustrated notes

Levels and vault maps discovered:
D:1:      arrival_aquarium_a, layout_loops_ring, corexii_corridor_pit,
          nrook_campfire
D:2:      layout_loops_ring, serial_forest, infiniplex_forest_lined_corner,
          infiniplex_forest_clump_large, infiniplex_forest_end_3,
          infiniplex_forest_clump_medium, infiniplex_forest_straight_5,
          infiniplex_forest_lined_2, infiniplex_forest_straight_2,
          infiniplex_forest_corner_2, uniq_terence
D:3:      layout_loops_corners, nicolae_overflow_hidden_temple,
          nicolae_gozag_seed_capital, basic_ecumenical_altar,
          serial_bayou_crossing, uniq_robin, uniq_ijyb
D:4:      layout_loops_cross, uniq_pikel, uniq_blork_the_orc

Skill      XL: |  1  2  3  4  5  6 |
---------------+-------------------+-----
Long Blades    | 2 3 |  3.4
Shields        | 4 5 |  5.0
Armour         | 4 5 |  5.0
Fighting       | 4 |  4.2
Evocations     | 1 |  1.1

Action                   |  1- 3 |  4- 6 || total
-------------------------+-------+-------++-------
Melee: Long sword        |   100 |   263 ||   363
       Unarmed           |       |    10 ||    10
  Use: Scroll            |       |     3 ||     3
       Potion            |       |     1 ||     1
Armor: Scale mail        |    51 |    22 ||    73
       Chain mail        |       |   131 ||   131
       Skin              |       |     1 ||     1
Dodge: Dodged            |    32 |    66 ||    98
Block: Kite shield       |    40 |   124 ||   164
       Rpst.: Long sword |     9 |    18 ||    27

Table legend: (Time is in decaauts)
 A = Elapsed time spent in this place.
 B = Non-inter-level travel time spent in this place.
 C = Inter-level travel time spent in this place.
 D = Time resting spent in this place.
 E = Time spent auto-exploring this place.
 F = Levels seen in this place.
 G = Mean time per level.
                   A        B        C        D        E       F      G
               +--------+--------+--------+--------+--------+-----+--------+
         Total |   4726 |   4620 |    106 |    118 |   3565 |   4 | 1181.5 |
       Dungeon |   4726 |   4620 |    106 |    118 |   3565 |   4 | 1181.5 |
               +--------+--------+--------+--------+--------+-----+--------+

Top non-repeatable levels by time:
     D:2: 1826 daAuts
     D:3: 1452 daAuts
     D:1: 1164 daAuts
     D:4: 283 daAuts
